 Dungeon Crawl Stone Soup version 0.30.1-3-gfc49f6343a (webtiles) character file.

Game seed: 16034534888462141256

3922 Martska the Fighter (level 10, -10/95 HPs)
             Began as a Minotaur Fighter on July 30, 2023.
             Was a Follower of Qazlal.
             Killed from afar by Erica (36 damage)
             ... with a lance of force
             ... on level 8 of the Dungeon.
             The game lasted 00:12:19 (6977 turns).

Martska the Fighter (Minotaur Fighter)              Turns: 6977, Time: 00:12:19

Health: -10/95     AC:  9    Str: 26    XL:     10   Next: 1%
Magic:  12/12      EV: 13    Int:  5    God:    Qazlal [*.....]
Gold:   414        SH:  6    Dex:  9    Spells: 9/9 levels left

rFire   . . .        D - +4 hand axe
rCold   . . .        c - +0 buckler
rNeg    . . .        N - +0 steam dragon scales
rPois   .            (helmet restricted)
rElec   .            (no cloak)
rCorr   .            (no gloves)
SInv    .            (no boots)
Will    +....        (no amulet)
Stlth   +            j - +4 ring of protection
HPRegen 0.35/turn    B - ring of willpower
MPRegen 0.13/turn

%: no passive effects
@: no status effects
A: horns 2, retaliatory headbutt
a: Renounce Religion


You were on level 8 of the Dungeon.
You worshipped Qazlal.
Qazlal was aware of your devotion.
You visited 1 branch of the dungeon, and saw 8 of its levels.
You also visited: Sewer.

You collected 447 gold pieces.
You spent 33 gold pieces at shops.

Inventory:

Hand Weapons
 a - a +0 war axe
 D - a +4 hand axe (weapon)
Missiles
 G - a throwing net (quivered)
Armour
 b - a +0 scale mail
 c - a +0 buckler (worn)
 N - +0 steam dragon scales (worn)
 P - an orb of mayhem
Jewellery
 j - a +4 ring of protection (left hand)
 n - a ring of protection from cold
 A - the ring "Fywnox" {Drain Will+ rCorr Int+6}
   (You found it on level 4 of the Dungeon)

   [ring of intelligence]

   Int:       It affects your intelligence (+6).
   rCorr:     It protects you from acid and corrosion.
   Drain:     It drains your maximum health when unequipped.
   Will:      It increases your willpower.
 B - a ring of willpower (right hand)
 J - a ring of ice
Wands
 y - a wand of acid (15)
 E - a wand of mindburst (13)
 Q - a wand of digging (8)
Scrolls
 f - 3 scrolls of vulnerability {unknown}
 g - 4 scrolls of magic mapping {unknown}
 k - 2 scrolls of brand weapon {unknown}
 l - 2 scrolls of enchant weapon {unknown}
 m - 9 scrolls of teleportation
 p - a scroll of immolation {unknown}
 s - 3 scrolls of blinking
 u - a scroll of fear {unknown}
 v - 2 scrolls of butterflies {unknown}
 w - 5 scrolls of amnesia
 C - 5 scrolls of identify
 K - 2 scrolls of enchant armour {unknown}
 L - a scroll of acquirement {unknown}
 O - a scroll of poison {unknown}
Potions
 d - 2 potions of might
 e - 2 potions of brilliance {unknown}
 i - 7 potions of curing
 o - a potion of attraction
 q - 2 potions of haste
 r - 2 potions of lignification {unknown}
 t - a potion of cancellation {unknown}
 x - 2 potions of flight {unknown}
 z - a potion of ambrosia {unknown}
 F - 3 potions of mutation {unknown}
 H - a potion of berserk rage {unknown}
 I - a potion of degeneration {unknown}
 M - a potion of resistance {unknown}


   Skills:
 * Level 11.0 Fighting
 * Level 10.7 Axes
 - Level 3.6 Armour
 * Level 5.2 Dodging
 - Level 4.6 Shields
 + Level 4.9 Invocations


You had 9 spell levels left.
You didn't know any spells.
Your spell library contained the following spells:

 Spells                   Type           Power      Damage    Failure   Level
 Sandblast                Erth           0%         2d4       52%         1
 Sting                    Tmut/Pois      0%         1d3       52%         1
 Blink                    Tloc           0%         N/A       67%         2
 Ensorcelled Hibernation  Hex/Ice        0%         N/A       67%         2
 Passwall                 Tmut/Erth      0%         N/A       67%         2
 Poisonous Vapours        Pois/Air       0%         N/A       67%         2
 Inner Flame              Hex/Fire       0%         N/A       88%         3
 Mephitic Cloud           Conj/Pois/Air  0%         N/A       88%         3
 Swiftness                Air            0%         N/A       88%         3
 Manifold Assault         Tloc           0%         N/A       99%         4
 Petrify                  Tmut/Erth      0%         N/A       99%         4
 Freezing Cloud           Conj/Ice/Air   0%         6-21      100%        5
 Lee's Rapid Deconstruct  Erth           0%         3d4*      100%        5
 Metabolic Englaciation   Hex/Ice        0%         N/A       100%        5
 Yara's Violent Unravell  Hex/Tmut       0%         3d3       100%        5
 Statue Form              Tmut/Erth      0%         N/A       100%        6
 Enfeeble                 Hex            0%         N/A       100%        7
 Storm Form               Tmut/Air       0%         N/A       100%        7


Dungeon Overview and Level Annotations

Branches:
Dungeon (8/15)             Temple (0/1) D:7           Sewer (visited)
   Lair: D:8-11

Altars:
Ashenzari
Nemelex Xobeh
Qazlal
Zin
The Shining One

Shops:
D:4 [!(

Annotations:
D:8 Erica


Innate Abilities, Weirdness & Mutations

You have a pair of horns on your head.
You reflexively headbutt those who attack you in melee.


Message History

You hear a zap.
Something tries to affect you, but you resist.
You closely miss something. Your headbutt misses something. Something hits you!
* * * LOW HITPOINT WARNING * * *
Something burns you.
* * * LOW HITPOINT WARNING * * *
You closely miss something. Your headbutt misses something. You hit something.
Your headbutt misses something. Something hits you.
* * * LOW HITPOINT WARNING * * *
Something burns you.
* * * LOW HITPOINT WARNING * * *
You closely miss something. Your headbutt misses something.
You hear a zap.
Something tries to affect you, but you resist.
You barely miss something. Something hits you.
* * * LOW HITPOINT WARNING * * *
Something burns you.
* * * LOW HITPOINT WARNING * * *
You hit something. You headbutt something!
You hear some strange, mumbled words.
A lance of force appears from out of thin air!
The lance of force misses you.
You closely miss something. Your headbutt misses something.
You closely miss something. Something hits you.
* * * LOW HITPOINT WARNING * * *
Something burns you.
* * * LOW HITPOINT WARNING * * *
You feel much better.
You hear some strange, mumbled words.
A lance of force appears from out of thin air!
You block the lance of force.
You barely miss something. You headbutt something. Something hits you.
* * * LOW HITPOINT WARNING * * *
Something burns you.
* * * LOW HITPOINT WARNING * * *
You miss something. Your headbutt misses something.
You hear some strange, mumbled words.
A lance of force appears from out of thin air!
The lance of force hits you!!!
You die...

#. #.### ##~^~≈ #..≈≈≈
##$.~≈≈ ...~≈≈~
#..~@o~## #####
..~~≈~~.###@#.########
#..~~≈~....{))........
##.~≈~≈.#.###)########
#~~~≈~...# #.#
...~≈~~..## #.#
.#.~~~~.## #.#
.#.~≈~~~# #.#
...~.~~.# #.#
#.~~~~.#####.#


There were no monsters in sight!

Vanquished Creatures
  A cyclops (D:7)
  Joseph (D:8)
  Grinder (D:4)
  A wraith (D:7)
  A wyvern (D:7)
  A steam dragon (D:7)
  3 water moccasins
  2 sky beasts (D:6)
  An ice beast (D:7)
  An orc warrior (D:7)
  2 centaurs (D:6)
  2 ogres
  2 bullfrogs (Sewer)
  3 scorpions (D:6)
  5 wights (D:5)
  4 killer bees (D:7)
  2 jellies (D:7)
  An orc priest (D:8)
  A gnoll bouda (D:5)
  3 hounds
  2 sleepcaps
  3 iguanas
  2 orc wizards
  8 gnolls
  8 river rats (Sewer)
  20 adders
  A white imp (D:7)
  2 ufetubi
  2 worms (D:3)
  3 dart slugs
  8 orcs
  3 bats
  8 endoplasms
  5 goblins
  6 hobgoblins
  5 kobolds
  3 quokkas
  13 ball pythons
  A frilled lizard (Sewer)
  21 rats
162 creatures vanquished.

Notes
Turn   | Place    | Note
-------+----------+-------------------------------------------
     0 | D:1      | Martska the Minotaur Fighter began the quest for the Orb.
     0 | D:1      | Reached XP level 1. HP: 19/19 MP: 0/0
   255 | D:1      | Reached XP level 2. HP: 27/27 MP: 1/1
   447 | D:1      | Reached skill level 1 in Dodging
   871 | D:2      | Got Ezxir Sietwa's Excursus on the Crystalline Stinger
   875 | D:2      | Reached skill level 4 in Fighting
  1254 | D:3      | Reached XP level 3. HP: 33/33 MP: 2/2
  1332 | D:3      | Reached XP level 4. HP: 34/41 MP: 3/3
  1538 | D:3      | Found a glowing drain.
  1546 | Sewer    | Entered a sewer
  1679 | Sewer    | Reached XP level 5. HP: 41/47 MP: 4/4
  1680 | Sewer    | Reached skill level 5 in Fighting
  1873 | Sewer    | Reached XP level 6. HP: 9/57 MP: 5/5
  1875 | Sewer    | Reached skill level 5 in Axes
  1879 | Sewer    | Reached skill level 6 in Fighting
  2283 | D:4      | Found Doggiy's Distillery.
  2291 | D:4      | Bought a potion of curing for 33 gold pieces
  2382 | D:4      | Identified the ring "Fywnox" {Drain Will+ rCorr Int+6}
  2577 | D:4      | Found Giufoargh's Weapon Emporium.
  2909 | D:5      | Entered Level 5 of the Dungeon
  2915 | D:5      | Reached XP level 7. HP: 62/64 MP: 6/6
  2930 | D:4      | Found Evafese's Antique Armour Shoppe.
  2978 | D:4      | Noticed Grinder
  2986 | D:4      | Killed Grinder
  2987 | D:4      | Reached skill level 7 in Fighting
  3628 | D:5      | Reached skill level 8 in Fighting
  3628 | D:5      | Reached XP level 8. HP: 74/74 MP: 7/7
  4391 | D:6      | Found a sparkling altar of Nemelex Xobeh.
  4444 | D:6      | Found a stormy altar of Qazlal.
  4466 | D:6      | Became a worshipper of Qazlal Stormbringer
  4742 | D:6      | Reached skill level 9 in Fighting
  4742 | D:6      | Reached skill level 1 in Invocations
  4933 | D:6      | Found a glowing golden altar of the Shining One.
  5306 | D:7      | Found a broken altar of Ashenzari.
  5390 | D:7      | Reached XP level 9. HP: 56/84 MP: 9/9
  5746 | D:7      | Reached skill level 10 in Fighting
  6004 | D:7      | Found a glowing silver altar of Zin.
  6078 | D:7      | Noticed a cyclops
  6085 | D:7      | Killed a cyclops
  6086 | D:7      | Reached skill level 10 in Axes
  6294 | D:7      | Found a staircase to the Ecumenical Temple.
  6314 | D:7      | Reached * piety under Qazlal
  6650 | D:8      | Noticed Joseph
  6662 | D:8      | Killed Joseph
  6663 | D:8      | Reached skill level 5 in Dodging
  6805 | D:8      | Reached skill level 11 in Fighting
  6929 | D:8      | Noticed Erica
  6950 | D:8      | Reached XP level 10. HP: 79/95 MP: 12/12
  6974 | D:8      | HP: 4/95 [something (3)]
  6977 | D:8      | Killed from afar by Erica

Illustrated notes

Levels and vault maps discovered:
D:1:      elethiomel_arrival_shortcut, layout_basic
D:2:      layout_rooms
D:3:      layout_basic, cheibrodos_sewer_entry_bend
D:4:      layout_basic, serial_shops, kennysheep_mini, shop, shop, uniq_grinder
D:5:      layout_gridville
D:6:      layout_gridville, tso_metal_star, nicolae_qazlal_beasts_of_the_sky,
          nicolae_overflow_crystal_walls, nrook_loot_triangle,
          serial_park_tiny_2, kennysheep_pointless_box,
          wad_floor_pattern_untrapped
D:7:      layout_loops_ring, mainiacjoe_overflow_24_doors,
          evilmike_ruin_ashenzari, minmay_temple_entry_slanted,
          minmay_small_thing
D:8:      layout_basic, nicolae_overflow_hidden_temple, serial_shops, shop,
          chequers_serial_rivers_large_a, kennysheep_boxes, uniq_prince_ribbit1,
          uniq_joseph, uniq_psyche, uniq_erica

Skill      XL: |  1  2  3  4  5  6  7  8  9 |
---------------+----------------------------+-----
Dodging        | 1 2 3 4 5 |  5.2
Fighting       | 4 5 6 8 9 11 | 11.0
Axes           | 3 4 5 7 9 10 | 10.7
Shields        | 4 |  4.6
Invocations    | 2 4 |  4.9
Armour         | |  3.6

Action                     |  1- 3 |  4- 6 |  7- 9 | 10-12 || total
---------------------------+-------+-------+-------+-------++-------
  Melee: War axe           |    57 |   120 |    22 |       ||   199
         Headbutt          |     3 |    14 |    36 |     3 ||    56
         Hand axe          |       |       |   200 |    21 ||   221
    Use: Potion            |       |     3 |     1 |     3 ||     7
         Scroll            |       |     5 |       |       ||     5
 Armour: Scale mail        |    20 |    82 |    51 |       ||   153
         Steam dragon scal |       |       |    22 |     1 ||    23
  Dodge: Dodged            |    37 |    88 |   121 |     1 ||   247
  Block: Buckler           |    12 |    43 |    52 |     3 ||   110
